MLB
MINNESOTA TWINS @ HOUSTON ASTROS
08/23/2041
 
TOP OF THE 1ST
Minnesota Twins batting - Pitching for Houston Astros : RHP Gilberto García
Pitching: RHP Gilberto García
Batting: RHB Ken Quebell 0-0: Ball
1-0: Called Strike
1-1: Ball
2-1: Ball
3-1: Swinging Strike
3-2: Strikes out swinging
Batting: LHB Orlando Rodríguez 0-0: Ball
1-0: Foul Ball, location: 7LDF
1-1: SINGLE (Line Drive, 89M, EV 91.3 MPH)
Batting: SHB Steve Sanders 0-0: Ball
1-0: Called Strike
1-1: Foul Ball, location: 7LSF
1-2: Foul Ball, location: 7LSF
1-2: Strikes out swinging
Batting: LHB José Becerra 0-0: Called Strike
0-1: Swinging Strike
0-2: Foul Ball, location: 3DF
0-2: Strikes out swinging
Top of the 1st over - 0 runs, 1 hit, 0 errors, 1 left on base; Minnesota 0 - Houston 0
BOTTOM OF THE 1ST
Houston Astros batting - Pitching for Minnesota Twins : LHP Bob Blackburn
Pitching: LHP Bob Blackburn
Batting: RHB Adrián Juárez 0-0: Ball
1-0: Swinging Strike
1-1: Ball
2-1: Foul Ball, location: 9LMF
2-2: Ball
3-2: Foul Ball, location: 9LSF
3-2: Base on Balls
Batting: RHB Tim O'Kinsella 0-0: Ball
1-0: Ball
2-0: Ball
3-0: Foul Ball, location: 25F
3-1: Base on Balls
Adrián Juárez to second
Batting: RHB Ángelo Guzmán 0-0: Ball
1-0: Ball
2-0: Ball
3-0: Swinging Strike
3-1: Fly out, F7 (Flyball, 7LS, EV 73.1 MPH)
Batting: RHB José Mercado 0-0: Grounds into double play, 6-4-3 (Groundball, 6, EV 88.8 MPH)
Bottom of the 1st over - 0 runs, 0 hits, 0 errors, 1 left on base; Minnesota 0 - Houston 0
TOP OF THE 2ND
Minnesota Twins batting - Pitching for Houston Astros : RHP Gilberto García
Batting: LHB Del England 0-0: Called Strike
0-1: Called Strike
0-2: Strikes out swinging
Batting: RHB Leonardo Boccasino 0-0: Swinging Strike
0-1: Called Strike
0-2: Foul Ball, location: 5DF
0-2: Ball
1-2: Ball
2-2: Strikes out swinging
Batting: RHB Ángelo Sánchez 0-0: Ball
1-0: Ball
2-0: Ground out 3-1 (Groundball, 34, EV 86.9 MPH)
Top of the 2nd over - 0 runs, 0 hits, 0 errors, 0 left on base; Minnesota 0 - Houston 0
BOTTOM OF THE 2ND
Houston Astros batting - Pitching for Minnesota Twins : LHP Bob Blackburn
Batting: LHB José Robles 0-0: Called Strike
0-1: Ball
1-1: Ground out 5-3 (Groundball, 6, EV 78.1 MPH)
Batting: RHB Ted Valéncia 0-0: Ball
1-0: Ball
2-0: Called Strike
2-1: Swinging Strike
2-2: Fly out, F9 (Flyball, 9, EV 96.9 MPH)
Batting: RHB Manny Castillo 0-0: Ball
1-0: SINGLE (Flyball, 56D, EV 89.4 MPH)
Batting: RHB José Archuleta 0-0: Ball
1-0: Called Strike
1-1: Ground out 4-3 (Groundball, 34, EV 102.5 MPH)
Bottom of the 2nd over - 0 runs, 1 hit, 0 errors, 1 left on base; Minnesota 0 - Houston 0
TOP OF THE 3RD
Minnesota Twins batting - Pitching for Houston Astros : RHP Gilberto García
Batting: RHB Chris Porter 0-0: Called Strike
0-1: Ball
1-1: Swinging Strike
1-2: Ball
2-2: Fly out, F7 (Flyball, 78XD, EV 100.6 MPH)
Batting: RHB Ernesto Paganin 0-0: Called Strike
0-1: Ball
1-1: Swinging Strike
1-2: Strikes out swinging
Batting: RHB Ken Quebell 0-0: Foul Ball, location: 5F
0-1: Foul Ball, location: 2F
0-2: Foul Ball, location: 25F
0-2: Strikes out swinging
Top of the 3rd over - 0 runs, 0 hits, 0 errors, 0 left on base; Minnesota 0 - Houston 0
BOTTOM OF THE 3RD
Houston Astros batting - Pitching for Minnesota Twins : LHP Bob Blackburn
Batting: RHB Sandro Ayala 0-0: Called Strike
0-1: Foul Ball, location: 2F
0-2: Foul Ball, location: 25FF
0-2: Ball
1-2: Ball
2-2: Foul Ball, location: 2F
2-2: SINGLE (Groundball, 56S, EV 67.5 MPH)
Batting: RHB Adrián Juárez 0-0: Ball
1-0: Called Strike
1-1: Called Strike
1-2: Strikes out looking
Batting: RHB Tim O'Kinsella 0-0: Ball
1-0: Ball
2-0: Foul Ball, location: 9LMFF
2-1: Ball
3-1: Base on Balls
Sandro Ayala to second
Batting: RHB Ángelo Guzmán 0-0: Foul Ball, location: 3F
0-1: Foul Ball, location: 2F
0-2: Ball
Wild Pitch!
Sandro Ayala to third
Tim O'Kinsella to second
1-2: Foul Ball, location: 9LDF
1-2: Ball
2-2: Foul Ball, location: 2F
2-2: Ball
3-2: Fly out, F7 (Flyball, 78D, EV 76.9 MPH)
Runner from 3rd tags up, SCORES, throw by LF
Tim O'Kinsella to third
Batting: RHB José Mercado 0-0: Foul Ball, location: 9LMF
0-1: Ball
1-1: Ball
2-1: Foul Ball, location: 2F
2-2: Foul Ball, location: 2F
2-2: Foul Ball, location: 2F
2-2: Foul Ball, location: 7LMFF
2-2: Foul Ball, location: 2F
2-2: Ball
3-2: Foul Ball, location: 2F
3-2: Reached on error, E6 (Groundball, 6, EV 101.3 MPH)
Tim O'Kinsella scores
Batting: LHB José Robles 0-0: Foul Ball, location: 7LSF
0-1: Foul Ball, location: 7LDF
0-2: Ball
1-2: Fly out, F8 (Line Drive, 8RD, EV 85.0 MPH)
Bottom of the 3rd over - 2 runs, 1 hit, 1 error, 1 left on base; Minnesota 0 - Houston 2
TOP OF THE 4TH
Minnesota Twins batting - Pitching for Houston Astros : RHP Gilberto García
Batting: LHB Orlando Rodríguez 0-0: Ball
1-0: Ground out 3-1 (Groundball, 13, EV 86.3 MPH)
Batting: SHB Steve Sanders 0-0: Ball
1-0: Called Strike
1-1: Ground out 4-3 (Groundball, 4D, EV 78.8 MPH)
Batting: LHB José Becerra 0-0: Ball
1-0: Swinging Strike
1-1: Swinging Strike
1-2: Strikes out swinging
Top of the 4th over - 0 runs, 0 hits, 0 errors, 0 left on base; Minnesota 0 - Houston 2
BOTTOM OF THE 4TH
Houston Astros batting - Pitching for Minnesota Twins : LHP Bob Blackburn
Batting: RHB Ted Valéncia 0-0: Ball
1-0: Called Strike
1-1: Foul Ball, location: 5F
1-2: Ball
2-2: Strikes out swinging
Batting: RHB Manny Castillo 0-0: Ball
1-0: SINGLE (Line Drive, 6M, EV 105.0 MPH)
Batting: RHB José Archuleta 0-0: SINGLE (Line Drive, 4M, EV 98.1 MPH)
Manny Castillo to second
Batting: RHB Sandro Ayala 0-0: Foul Ball, location: 2F
0-1: Foul Ball, location: 3SF
0-2: Strikes out swinging
Batting: RHB Adrián Juárez 0-0: Ground out 1-3 (Groundball, 13S, EV 71.9 MPH)
Bottom of the 4th over - 0 runs, 2 hits, 0 errors, 2 left on base; Minnesota 0 - Houston 2
TOP OF THE 5TH
Minnesota Twins batting - Pitching for Houston Astros : RHP Gilberto García
Batting: LHB Del England 0-0: Called Strike
0-1: Ball
1-1: Swinging Strike
1-2: Strikes out swinging
Batting: RHB Leonardo Boccasino 0-0: Ball
1-0: Called Strike
1-1: Swinging Strike
1-2: Foul Ball, location: 9LDF
1-2: Strikes out swinging
Batting: RHB Ángelo Sánchez 0-0: Called Strike
0-1: Ball
1-1: Fly out, F9 (Line Drive, 9S, EV 94.4 MPH)
Top of the 5th over - 0 runs, 0 hits, 0 errors, 0 left on base; Minnesota 0 - Houston 2
BOTTOM OF THE 5TH
Houston Astros batting - Pitching for Minnesota Twins : LHP Bob Blackburn
Batting: RHB Tim O'Kinsella 0-0: Called Strike
0-1: DOUBLE (Line Drive, 9LD, EV 107.5 MPH)
Batting: RHB Ángelo Guzmán 0-0: Called Strike
0-1: Ball
1-1: Foul Ball, location: 9LSF
1-2: Fly out, F8 (Line Drive, 89M, EV 97.5 MPH)
Batting: RHB José Mercado 0-0: Swinging Strike
0-1: Foul Ball, location: 2LF
0-2: Strikes out swinging
Batting: LHB José Robles 0-0: Ball
1-0: Ball
2-0: Ball
3-0: Foul Ball, location: 7LDF
3-1: Base on Balls
Pitching: RHP Chuck Brock
Batting: RHB Ted Valéncia 0-0: Ball
1-0: Ball
2-0: Foul Ball, location: 3DF
2-1: Swinging Strike
2-2: Ball
3-2: Strikes out swinging
Bottom of the 5th over - 0 runs, 1 hit, 0 errors, 2 left on base; Minnesota 0 - Houston 2
TOP OF THE 6TH
Minnesota Twins batting - Pitching for Houston Astros : RHP Gilberto García
Batting: RHB Chris Porter 0-0: Foul Ball, location: 2F
0-1: Ball
1-1: SOLO HOME RUN (Flyball, 7D, EV 100.6 MPH), Distance : 401 ft
Batting: RHB Ernesto Paganin 0-0: Ball
1-0: Ball
2-0: Ball
3-0: Base on Balls
Batting: RHB Ken Quebell 0-0: Sac Bunt to 15 - play at first, batter OUT! 1-4
Ernesto Paganin to second
Batting: LHB Orlando Rodríguez 0-0: Swinging Strike
0-1: Ball
1-1: DOUBLE (Line Drive, 89M, EV 93.8 MPH)
Ernesto Paganin scores
Batting: SHB Steve Sanders 0-0: Ball
1-0: Ball
2-0: Fly out, F8 (Flyball, 8LS, EV 91.9 MPH)
Batting: LHB José Becerra 0-0: Ball
1-0: Foul Ball, location: 7LSF
1-1: Foul Ball, location: 2F
1-2: Strikes out swinging
Top of the 6th over - 2 runs, 2 hits, 0 errors, 1 left on base; Minnesota 2 - Houston 2
BOTTOM OF THE 6TH
Houston Astros batting - Pitching for Minnesota Twins : RHP Chuck Brock
Batting: RHB Manny Castillo 0-0: Ball
1-0: SINGLE (Groundball, 15S, EV 76.3 MPH) (infield hit)
Batting: RHB José Archuleta 0-0: Ball
1-0: Called Strike
1-1: Swinging Strike
1-2: Strikes out swinging
Batting: RHB Sandro Ayala 0-0: Ball
1-0: Ball
2-0: Ball
3-0: Base on Balls
Manny Castillo to second
Batting: RHB Adrián Juárez 0-0: Called Strike
0-1: Foul Ball, location: 9LDF
0-2: Ball
1-2: Foul Ball, location: 7LMF
1-2: Ball
2-2: SINGLE (Line Drive, 78S, EV 108.8 MPH)
Manny Castillo to third
Sandro Ayala to second
Batting: RHB Tim O'Kinsella 0-0: Ball
1-0: Ball
2-0: Called Strike
2-1: Foul Ball, location: 9LSF
2-2: Ball
3-2: Foul Ball, location: 2F
3-2: Fly out, F8 (Flyball, 89M, EV 76.9 MPH)
Runner from 3rd tags up, SCORES, throw by CF
Batting: RHB Ángelo Guzmán 0-0: Called Strike
0-1: Fielders Choice at 2nd, 6-4 (Groundball, 6, EV 81.9 MPH)
Bottom of the 6th over - 1 run, 2 hits, 0 errors, 2 left on base; Minnesota 2 - Houston 3
TOP OF THE 7TH
Minnesota Twins batting - Pitching for Houston Astros : RHP Gilberto García
Batting: LHB Del England 0-0: Called Strike
0-1: Ball
1-1: Foul Ball, location: 3FF
1-2: Ball
2-2: Strikes out swinging
Batting: RHB Leonardo Boccasino 0-0: Ball
1-0: Ball
2-0: Called Strike
2-1: Ball
3-1: SOLO HOME RUN (Flyball, 9D, EV 99.4 MPH), Distance : 381 ft
Pinch Hitting: LHB Rubén Rosete 0-0: Ball
1-0: Ball
2-0: Fly out, F5 (Line Drive, 5, EV 75.6 MPH)
Batting: RHB Chris Porter 0-0: Foul Ball, location: 9LSF
0-1: Ball
1-1: Ball
2-1: Foul Ball, location: 2F
2-2: Strikes out swinging
Top of the 7th over - 1 run, 1 hit, 0 errors, 0 left on base; Minnesota 3 - Houston 3
BOTTOM OF THE 7TH
Houston Astros batting - Pitching for Minnesota Twins : RHP Chuck Brock
Now at SS: Dan Adams
Batting: RHB José Mercado 0-0: Called Strike
0-1: Foul Ball, location: 9LSF
0-2: Foul Ball, location: 2F
0-2: Ball
1-2: SOLO HOME RUN (Flyball, 7D, EV 98.1 MPH), Distance : 386 ft
Batting: LHB José Robles 0-0: Ball
1-0: Ball
2-0: Fly out, F7 (Flyball, 7S, EV 85.0 MPH)
Batting: RHB Ted Valéncia 0-0: Called Strike
0-1: Foul Ball, location: 9LMF
0-2: Ball
1-2: Ball
2-2: Ball
3-2: Base on Balls
Batting: RHB Manny Castillo 0-0: Called Strike
0-1: Foul Ball, location: 2F
0-2: Foul Ball, location: 2F
0-2: Foul Ball, location: 9LMF
0-2: Ball
1-2: SINGLE (Groundball, 6MD, EV 99.4 MPH)
Ted Valéncia to second
Runner from 2nd tries for 3rd, OUT! 8-5
Batting: RHB José Archuleta 0-0: Fly out, F6 (Line Drive, 6M, EV 67.5 MPH)
Bottom of the 7th over - 1 run, 2 hits, 0 errors, 1 left on base; Minnesota 3 - Houston 4
TOP OF THE 8TH
Minnesota Twins batting - Pitching for Houston Astros : RHP Gilberto García
Now in RF: Ben Davis
Batting: RHB Ernesto Paganin 0-0: Ball
1-0: Ball
2-0: Ball
3-0: Called Strike
3-1: Called Strike
3-2: Foul Ball, location: 2F
3-2: Base on Balls
Pitching: RHP Giancarlo Scarabelli
Batting: RHB Ken Quebell 0-0: Bunted foul
0-1: Sac Bunt to 13S - play at first, batter OUT! 1-4
Ernesto Paganin to second
Batting: LHB Orlando Rodríguez 0-0: Called Strike
0-1: Foul Ball, location: 7LSFF
0-2: Ball
1-2: Strikes out looking
Batting: SHB Steve Sanders 0-0: Called Strike
0-1: Foul Ball, location: 7LMF
0-2: Ball
1-2: Fly out, F5 (Popup, 56S, EV 68.8 MPH)
Top of the 8th over - 0 runs, 0 hits, 0 errors, 1 left on base; Minnesota 3 - Houston 4
BOTTOM OF THE 8TH
Houston Astros batting - Pitching for Minnesota Twins : RHP Chuck Brock
Batting: RHB Sandro Ayala 0-0: Foul Ball, location: 9LMF
0-1: Ground out 4-3 (Groundball, 34, EV 85.6 MPH)
Batting: RHB Adrián Juárez 0-0: Ball
1-0: DOUBLE (Line Drive, 9LS, EV 99.4 MPH)
Batting: RHB Tim O'Kinsella 0-0: Swinging Strike
0-1: Foul Ball, location: 7LSFF
0-2: Ground out U3 (Groundball, 34, EV 86.3 MPH)
Adrián Juárez to third
Batting: RHB Ángelo Guzmán 0-0: Intentional Walk
Batting: RHB José Mercado 0-0: Called Strike
0-1: Foul Ball, location: 2F
0-2: Foul Ball, location: 9LMF
0-2: 3-RUN HOME RUN (Line Drive, 78XD, EV 110.6 MPH), Distance : 429 ft
Pitching: RHP Juan Carlos Arellano
Batting: RHB Ben Davis 0-0: Called Strike
0-1: Ball
1-1: Foul Ball, location: 25F
1-2: Ball
2-2: Ball
3-2: Fly out, F8 (Line Drive, 8LM, EV 103.8 MPH)
Bottom of the 8th over - 3 runs, 2 hits, 0 errors, 0 left on base; Minnesota 3 - Houston 7
TOP OF THE 9TH
Minnesota Twins batting - Pitching for Houston Astros : RHP Giancarlo Scarabelli
Batting: LHB José Becerra 0-0: Called Strike
0-1: Ball
1-1: Foul Ball, location: 2F
1-2: Foul Ball, location: 7LMF
1-2: Foul Ball, location: 2F
1-2: Foul Ball, location: 23FF
1-2: Ball
2-2: Foul Ball, location: 2F
2-2: Ground out 5-3 (Groundball, 56S, EV 91.9 MPH)
Batting: LHB Del England 0-0: Swinging Strike
0-1: Called Strike
0-2: Ball
1-2: Ball
2-2: Ball
3-2: Foul Ball, location: 7LMF
3-2: Foul Ball, location: 2F
3-2: Ground out U3 (Groundball, 3L, EV 80.0 MPH)
Batting: RHB Leonardo Boccasino 0-0: Ball
1-0: Ball
2-0: Fly out, F9 (Flyball, 9, EV 78.8 MPH)
Top of the 9th over - 0 runs, 0 hits, 0 errors, 0 left on base; Minnesota 3 - Houston 7
Sunday, March 24th , 2024 - OOTP Baseball 24.10 Build 82